 Dungeon Crawl Stone Soup version 0.31-a0-940-gdaa99269f9 (webtiles) character file.

Game seed: 7267932817852226685

2 DoNotCum the Digger (level 1, 9/10 HPs)
             Began as a Gargoyle Earth Elementalist on Oct 20, 2023.
             Was a High Priest of Ignis.
             Quit the game on level 1 of the Dungeon on Oct 22, 2023.
             The game lasted 00:07:07 (52 turns).

DoNotCum the Digger (Gargoyle Earth Elementalist)     Turns: 52, Time: 00:07:08

Health: 9/10       AC:  4    Str: 11    XL:     1   Next: 40%
Magic:  2/3        EV: 11    Int: 15    God:    Ignis [*****.]
Gold:   0          SH:  0    Dex: 10    Spells: 3/4 levels left

rFire   + . .        (no weapon)
rCold   . . .        (no shield)
rNeg    + . .        a - +0 robe
rPois   ∞            (no helmet)
rElec   +            (no cloak)
rCorr   .            (no gloves)
SInv    .            (no boots)
Will    .....        (no amulet)
Stlth   ++           (no ring)
HPRegen 0.21/turn    (no ring)
MPRegen 0.08/turn

%: no passive effects
@: no status effects
A: sickness immunity, AC +2, negative energy resistance 1, electricity
resistance, torment resistance 1, petrification resistance
a: Renounce Religion, Fiery Armour, Foxfire Swarm, Rising Flame


You were on level 1 of the Dungeon.
You worshipped Ignis.
Ignis was extremely pleased with you.
You visited 1 branch of the dungeon, and saw 1 of its levels.

Inventory:

Armour
 a - a +0 robe (worn)
Scrolls
 c - a scroll of teleportation {unknown}
Potions
 b - a potion of magic


   Skills:
 - Level 1.5 Dodging
 - Level 2.2 Stealth
 - Level 2.0 Spellcasting
 - Level 0.7 Transmutations
 + Level 3.8 Earth Magic


You had 3 spell levels left.
You knew the following spells:

 Your Spells              Type           Power      Damage    Failure   Level
a - Sandblast             Erth           24%        2d8       4%          1

Your spell library contained the following spells:

 Spells                   Type           Power      Damage    Failure   Level
 Passwall                 Tmut/Erth      6%         N/A       13%         2
 Stone Arrow              Conj/Erth      14%        3d7       30%         3
 Petrify                  Tmut/Erth      8%         N/A       65%         4
 Brom's Barrelling Bould  Conj/Erth      7%         2d3       71%         4


Dungeon Overview and Level Annotations

Branches:
Dungeon (1/15)

Altars:
Ignis


Innate Abilities, Weirdness & Mutations

You are immune to sickness and miasma.
Your stone body is resilient. (AC +2)
You are immune to poison.
You resist negative energy. (rN+)
You are resistant to electric shocks. (rElec)
You are resistant to unholy torment.
You are immune to petrification.


Message History

The blast of sand hits the quokka!
You kill the quokka!
There is a candlelit altar of Ignis here.
You see here 6 poisoned darts.
Okay, then.
Magic restored.
HP restored.
An endoplasm comes into view.
The endoplasm quivers.
Okay, then.
Okay, then.
Unknown command.
Unknown command.
Saving game... please wait.
Welcome back, DoNotCum the Gargoyle Earth Elementalist.
The flames of Ignis gently warm you.
Press ? for a list of commands and other information.
You hit the endoplasm but do no damage. The endoplasm freezes you.
You are frozen.
Casting: Sandblast (safe; 4% risk of failure)
Confirm with . or Enter, or press ? or * to list all spells.
You don't know that spell.
You are too injured to fight recklessly!
Unknown command.
Casting: Sandblast (safe; 4% risk of failure)
Confirm with . or Enter, or press ? or * to list all spells.
Aiming: Sandblast (safe; 4% risk of failure)
Press: ? - help, Shift-Dir - straight line, f - endoplasm
Aim: an endoplasm (98% to hit)
The blast of sand hits the endoplasm!
You kill the endoplasm!
You see here 6 poisoned darts.
Welcome back, DoNotCum the Gargoyle Earth Elementalist.
The flames of Ignis gently warm you.
Press ? for a list of commands and other information.
Unknown command.
Unknown command.
Unknown command.
Are you sure you want to abandon this character and quit the game? (Confirm with "yes".)

#..# ###.####### ...
...........
###.###.#..#...# #
........#..#.(.#.##
#.....#..#...#..##
#....†...(.......#
#............(...#
#.#...#......#.#.#
#.#._.#..@...#.#.#
#.....#.(....#...
#...............#
##..............# #
##.######.......# ##.
..........#######
##..........##...8.....
#....#####..##........8
....#.....#..#..#######


There were no monsters in sight!

Vanquished Creatures
  An endoplasm (D:1)
  A quokka (D:1)
2 creatures vanquished.

Notes
Turn   | Place    | Note
-------+----------+-------------------------------------------
     0 | D:1      | DoNotCum the Gargoyle Earth Elementalist began the quest
                  | for the Orb.
     0 | D:1      | Reached XP level 1. HP: 10/10 MP: 3/3
    11 | D:1      | Found a faded altar of an unknown god.
    17 | D:1      | Prayed at the altar of an unknown god.
    17 | D:1      | Became a worshipper of Ignis, the Dying Flame
    52 | D:1      | Quit the game

Illustrated notes

Levels and vault maps discovered:
D:1:      scummos_arrival_hexagon, layout_basic, serial_shops,
          nicolae_shop_tiny_glass, shop, shop, shop_coins, shop,
          hellmonk_ecumenical_altar_lost_god, roderic_lattice_a,
          grunt_decor_one_mirror, st_stairs_8, chequers_decorated_corner,
          amethyst_killhole, minmay_door_square, dreamdust_mushroom_princess,
          minmay_pentomino_z2

Action                     || total
---------------------------++-------
  Melee: Unarmed           ||     2
   Cast: Sandblast         ||     2
 Armour: Robe              ||     2

Table legend: (Time is in decaauts)
 A = Elapsed time spent in this place.
 B = Non-inter-level travel time spent in this place.
 C = Inter-level travel time spent in this place.
 D = Time resting spent in this place.
 E = Time spent auto-exploring this place.
 F = Levels seen in this place.
 G = Mean time per level.
                   A        B        C        D        E       F      G
               +--------+--------+--------+--------+--------+-----+--------+
         Total |     53 |     40 |     13 |      0 |     13 |   1 |   53.0 |
       Dungeon |     53 |     40 |     13 |      0 |     13 |   1 |   53.0 |
               +--------+--------+--------+--------+--------+-----+--------+

Top non-repeatable levels by time:
     D:1: 53 daAuts
